 Dungeon Crawl Stone Soup version 0.29-a0-920-g5d2155ec51 (webtiles) character file.

Game seed: 8473321442784392221

1359 Ajdolov the Basher (level 8, 0/39 HPs)
             Began as a Vine Stalker Fighter on July 27, 2022.
             Was an Initiate of the Shining One.
             Slain by an orc warrior
             ... wielding a +0 war axe
              (4 damage)
             ... on level 6 of the Dungeon.
             The game lasted 00:07:40 (4939 turns).

Ajdolov the Basher (Vine Stalker Fighter)           Turns: 4939, Time: 00:07:41

Health: 0/39       AC: 15    Str: 20    XL:     8   Next: 64%
Magic:  0/9        EV:  7    Int:  8    God:    the Shining One [......]
Gold:   236        SH:  5    Dex: 15    Spells: 7/7 levels left

rFire   . . .      SeeInvis .   a - +0 flail
rCold   . . .      Faith    .   c - +0 buckler
rNeg    . . .      Spirit   +   f - +0 storm dragon scales
rPois   .          Reflect  .   n - +0 helmet
rElec   +          Harm     .   u - +1 cloak {rCorr}
rCorr   +          Rampage  .   D - +0 pair of gloves
Will    +....                   (no boots)
Stlth   ..........              (no amulet)
HPRegen 0.93/turn               (no ring)
MPRegen 0.11/turn               (no ring)

@: about to teleport, glowing
A: fangs 3, regeneration 1, magic shield, antimagic bite, no potion heal 2
a: Renounce Religion


You were on level 6 of the Dungeon.
You worshipped the Shining One.
The Shining One was noncommittal.
You visited 2 branches of the dungeon, and saw 7 of its levels.

You collected 236 gold pieces.

Inventory:

Hand Weapons
 a - a +0 flail (weapon)
Missiles
 F - 4 atropa-tipped darts (quivered)
Armour
 c - a +0 buckler (worn)
 f - +0 storm dragon scales (worn)
 n - a +0 helmet (worn)
 u - a +1 cloak of preservation (worn)
 D - a +0 pair of gloves (worn)
Jewellery
 k - a ring of ice
 z - a ring of wizardry
Wands
 r - a wand of mindburst (13)
 y - a wand of polymorph (8)
 G - a wand of light (4)
Scrolls
 b - 2 scrolls of magic mapping {unknown}
 i - a scroll of noise {unknown}
 j - 2 scrolls of fear {unknown}
 m - 2 scrolls of teleportation
 o - 2 scrolls of butterflies {unknown}
 p - a scroll of immolation {unknown}
 q - 5 scrolls of enchant weapon {unknown}
 s - a scroll of acquirement {unknown}
 v - a scroll of summoning {unknown}
 w - 2 scrolls of poison {unknown}
 A - a scroll of identify {unknown}
Potions
 d - a potion of magic {unknown}
 e - 2 potions of lignification {unknown}
 g - a potion of ambrosia {unknown}
 h - 2 potions of attraction {unknown}
 l - 3 potions of curing
 t - 4 potions of might
 x - 2 potions of heal wounds {unknown}
 B - a potion of mutation {unknown}
 C - 2 potions of cancellation {unknown}
 E - a potion of flight {unknown}


   Skills:
 - Level 2.6 Fighting
 + Level 9.6 Maces & Flails
 - Level 2.4 Armour
 - Level 2.6 Shields


You had 7 spell levels left.
You didn't know any spells.
Your spell library contained the following spells:

 Spells                   Type           Power      Damage    Failure   Level
 Static Discharge         Conj/Air       0%         3-3/arc   100%        2
 Dispel Undead            Necr           0%         3d6       100%        4
 Sticky Flame             Conj/Fire      0%         2d3       100%        4
 Iskenderun's Battlesphe  Conj           0%         2d6       100%        5
 Iron Shot                Conj/Erth      0%         9d1       100%        6
 Spellforged Servitor     Conj/Summ      0%         N/A       100%        7


Dungeon Overview and Level Annotations

Branches:
Dungeon (6/15)             Temple (1/1) D:6

Altars:
Elyvilon
Fedhas
Trog
Uskayaw
Vehumet
Xom
Yredelemnul
Zin
The Shining One

Shops:
D:2 :


Innate Abilities, Weirdness & Mutations

You have razor-sharp teeth.
Your natural rate of healing is unusually fast.
When hurt, damage is shared between your health and your magic reserves.
Your bite disrupts and absorbs the magic of your enemies.
Potions cannot restore your health.


Message History

You block the yak's attack.
You thump the yak!
You kill the yak!
The yak attacks as you move away! The yak gores you.
What are your orders? t - Shout!
Orders for allies: a - Attack new target. r - Retreat! s - Stop attacking. g - Guard the area. f - Follow me.
Anything else - Cancel.
Okay, then.
As you read the scroll labelled FEERGH DOENT, it crumbles to dust.
You feel strangely unstable.
It was a scroll of teleportation.
The yak gores you!
You see here an iguana corpse.
You hit the yak. You bite the yak, but do no damage.
The yak is lightly wounded.
The yak closely misses you.
You hit the yak.
The yak is lightly wounded.
The yak gores you but does no damage.
You barely miss the yak.
The yak is lightly wounded.
The yak completely misses you.
You closely miss the yak.
The yak is lightly wounded.
Your surroundings suddenly seem different. 2 gnoll sergeants, a troll, an ogre and 3 orcs come into view.
Found 24 gold pieces and a scroll labelled CUCYRI SASOTOCK.
The orc priest shouts!
The gnoll sergeant shouts! x2; The troll shouts!
The ogre shouts!
The orc warrior shouts!
The orc priest shouts!
The ogre hits you with a +0 giant club!!
* * * LOW HITPOINT WARNING * * *
The orc priest suddenly curses, in orcish tradition.
The gnoll sergeant hits you but does no damage.
Unknown command.
As you read the scroll of teleportation, it crumbles to dust.
You feel strangely unstable. The orc priest closely misses you.
The orc warrior hits you with a +0 war axe.
You die...

#######++##+
#.........#?
+$.og.g...+.
+...OT....#$
#..o@o....#
###########


You could see a troll, an orc warrior, an ogre, 2 gnoll sergeants and 2 orc
priests.

Vanquished Creatures
  Sigmund (D:3)
  A yak (D:6)
  An ogre (D:6)
  A bullfrog (D:6)
  3 scorpions
  3 wights (D:6)
  2 orc priests
  2 hounds (D:5)
  Crazy Yiuf (D:3)
  2 iguanas
  Ijyb (D:3)
  Terence (D:2)
  Natasha (thrice) (D:2)
  Robin (D:1)
  6 adders
  7 gnolls (D:2)
  A shadow imp (D:6)
  3 ufetubi
  A worm (D:2)
  A dart slug (D:1)
  14 orcs
  6 ball pythons
  2 bats
  10 endoplasms
  13 goblins
  8 hobgoblins
  4 jackals (D:1)
  5 kobolds
  2 quokkas
  2 frilled lizards
  A rat (D:1)
109 creatures vanquished.

Vanquished Creatures (others)
  A fungus (D:3)
1 creature vanquished.

Grand Total: 110 creatures vanquished

Notes
Turn   | Place    | Note
-------+----------+-------------------------------------------
     0 | D:1      | Ajdolov the Vine Stalker Fighter began the quest for the
                  | Orb.
     0 | D:1      | Reached XP level 1. HP: 11/11 MP: 2/2
    30 | D:1      | Reached skill level 2 in Maces & Flails
   253 | D:1      | Reached XP level 2. HP: 9/16 MP: 1/3
   474 | D:1      | Found a faded altar of an unknown god.
   700 | D:1      | Reached skill level 3 in Maces & Flails
   705 | D:1      | Reached XP level 3. HP: 18/19 MP: 2/4
  1182 | D:2      | Noticed Robin
  1202 | D:2      | Noticed Terence
  1360 | D:2      | Killed Terence
  1361 | D:2      | Gained mutation: Your natural rate of healing is unusually
                  | fast. [Vine Stalker growth]
  1361 | D:2      | Reached XP level 4. HP: 2/23 MP: 5/5
  1393 | D:2      | Reached skill level 4 in Maces & Flails
  1431 | D:1      | Killed Robin
  1643 | D:2      | Found Qociufus's Vocational Training.
  1799 | D:2      | Reached XP level 5. HP: 26/27 MP: 1/6
  1979 | D:2      | Noticed Natasha
  1987 | D:2      | Killed Natasha
  1988 | D:2      | Reached skill level 5 in Maces & Flails
  2294 | D:2      | Noticed Natasha
  2305 | D:2      | Killed Natasha
  2306 | D:2      | Reached XP level 6. HP: 24/32 MP: 3/7
  2318 | D:2      | Noticed Natasha
  2337 | D:2      | Killed Natasha
  2470 | D:3      | Found a hide-covered altar of Uskayaw.
  2514 | D:3      | Noticed Ijyb
  2528 | D:3      | Killed Ijyb
  2695 | D:3      | Found a runed translucent door.
  2696 | D:3      | Noticed Crazy Yiuf
  2710 | D:3      | Noticed Sigmund
  2716 | D:3      | Killed Sigmund
  2717 | D:3      | Reached skill level 6 in Maces & Flails
  2717 | D:3      | Reached XP level 7. HP: 33/35 MP: 6/8
  3284 | D:3      | Killed Crazy Yiuf
  3332 | D:3      | Reached skill level 7 in Maces & Flails
  3837 | D:5      | Entered Level 5 of the Dungeon
  4462 | D:6      | Noticed a yak
  4462 | D:6      | Noticed a yak
  4462 | D:6      | Noticed a yak
  4462 | D:6      | Noticed a yak
  4551 | D:6      | Reached skill level 8 in Maces & Flails
  4569 | D:6      | Gained mutation: You have razor-sharp teeth. [Vine Stalker
                  | growth]
  4569 | D:6      | Reached XP level 8. HP: 23/39 MP: 6/9
  4613 | D:6      | Found a staircase to the Ecumenical Temple.
  4630 | Temple   | Entered the Ecumenical Temple
  4641 | Temple   | Became a worshipper of the Shining One
  4809 | D:6      | Reached skill level 9 in Maces & Flails
  4930 | D:6      | Killed a yak
  4938 | D:6      | Noticed a troll
  4939 | D:6      | Slain by an orc warrior

Illustrated notes

Levels and vault maps discovered:
D:1:      elethiomel_arrival_fortress_basement, layout_loops_ring,
          shapermc_ecumenical_altar_totnotflames, serial_bayou_pond_c
D:2:      layout_loops_corners, serial_glass, glass_columns_a, glass_columns_a,
          glass_columns_c, glass_columns_b, nicolae_shop_vocational,
          uniq_natasha, uniq_robin, uniq_terence
D:3:      layout_basic, nicolae_overflow_crystal_walls, minmay_misc_feat_x,
          uniq_sigmund, uniq_ijyb, uniq_crazy_yiuf_cottage
D:4:      layout_cave_pools
D:5:      layout_basic
D:6:      lemuel_castle_with_subvaults [lemuel_castle_interior_carwin_2],
          layout_basic, nicolae_overflow_squiral, temple_fountains
Temple:   nicolae_temple_bog_church

Skill      XL: |  1  2  3  4  5  6  7  8 |
---------------+-------------------------+-----
Maces & Flails | 2 3 4 5 6 8 9 |  9.6
Fighting       | |  2.6
Armour         | |  2.4
Shields        | |  2.6

Action                   |  1- 3 |  4- 6 |  7- 9 || total
-------------------------+-------+-------+-------++-------
Melee: Flail             |    83 |   138 |   166 ||   387
       Bite              |    12 |    33 |    49 ||    94
Evoke: Wand              |       |     2 |       ||     2
  Use: Potion            |     1 |       |     1 ||     2
       Scroll            |       |       |     2 ||     2
Armor: Scale mail        |     3 |       |       ||     3
       Storm dragon scal |    58 |    62 |    82 ||   202
Dodge: Dodged            |    28 |    47 |    62 ||   137
Block: Buckler           |    12 |    37 |    32 ||    81

Table legend: (Time is in decaauts)
 A = Elapsed time spent in this place.
 B = Non-inter-level travel time spent in this place.
 C = Inter-level travel time spent in this place.
 D = Time resting spent in this place.
 E = Time spent auto-exploring this place.
 F = Levels seen in this place.
 G = Mean time per level.
                   A        B        C        D        E       F      G
               +--------+--------+--------+--------+--------+-----+--------+
         Total |   5018 |   4762 |    256 |    146 |   3448 |   7 |  716.9 |
       Dungeon |   5001 |   4745 |    256 |    146 |   3447 |   6 |  833.5 |
        Temple |     17 |     17 |      0 |      0 |      1 |   1 |   17.0 |
               +--------+--------+--------+--------+--------+-----+--------+

Top non-repeatable levels by time:
     D:1: 1419 daAuts
     D:2: 1048 daAuts
     D:3: 934 daAuts
     D:5: 688 daAuts
     D:4: 510 daAuts
     D:6: 400 daAuts
  Temple: 17 daAuts
